 Dungeon Crawl Stone Soup version 0.17-b1-16-g38e0902 (webtiles) character file.

8940 rutigerpupkin the Thaumaturge (level 11, -5/64 HPs)
             Began as a Gargoyle Earth Elementalist on Nov 3, 2015.
             Was a Priest of Vehumet.
             Slain by a seven-headed hydra (9 damage)
             ... on level 1 of the Lair of Beasts.
             The game lasted 00:54:33 (14166 turns).

rutigerpupkin the Thaumaturge (GrEE)               Turns: 14166, Time: 00:54:33

Health: -5/64      AC: 14    Str: 12    XL:     11   Next: 38%
Magic:  24/24      EV: 14    Int: 21    God:    Vehumet [***...]
Gold:   575        SH:  6    Dex: 14    Spells: 5 memorised, 14 levels left

rFire  . . .     SeeInvis .     O - +0 flail (crush)
rCold  . . .     Clarity  .     t - +2 robe {MR+}
rNeg   + . .     SustAt   .     M - +1 buckler
rPois  ∞         Gourm    .     q - +0 helmet
rElec  +         Spirit   .     v - +0 cloak
rCorr  +         Warding  .     (no gloves)
rMut   .         Stasis   .     D - +0 pair of boots
MR     +....                    k - amulet of resist corrosion
Stlth  ++........               E - +2 ring of intelligence
                                Z - +4 ring of dexterity

@: somewhat resistant to hostile enchantments, unstealthy
A: negative energy resistance 1, electricity resistance, unbreathing,
petrification resistance, rot immunity, AC +7
a: Renounce Religion


You were on level 1 of the Lair of Beasts.
You worshipped Vehumet.
Vehumet was most pleased with you.
You were not hungry.

You visited 3 branches of the dungeon, and saw 11 of its levels.

You collected 575 gold pieces.

Inventory:

Hand Weapons
 p - a +1 dagger of protection
 C - a +2 spear of freezing
 F - a +0 hand axe of holy wrath
 O - a +0 flail of crushing (weapon)
 W - a +2 dagger of chaos
Missiles
 a - 321 stones
 u - 40 poisoned needles
 z - 14 tomahawks (quivered)
Armour
 q - a +0 helmet (worn)
 t - a +2 robe of magic resistance (worn)
 v - a +0 cloak (worn)
 D - a +0 pair of boots (worn)
 M - a +1 buckler (worn)
 U - a +0 shield
Magical Staves
 s - an uncursed staff of death
Jewellery
 i - an uncursed ring of protection from fire
 k - an amulet of resist corrosion (around neck)
 E - a +2 ring of intelligence (right hand)
 L - an uncursed ring of fire
 N - an uncursed ring of sustain attributes
 Y - an uncursed ring of flight
 Z - a +4 ring of dexterity (left hand)
Wands
 e - a wand of digging (11)
 G - a wand of slowing (5)
 I - a wand of enslavement (11)
 R - a wand of disintegration (19)
 T - a wand of flame (21)
 V - a wand of disintegration (8)
Scrolls
 b - 3 scrolls of teleportation {unknown}
 f - 7 scrolls of identify
 g - 5 scrolls of enchant armour
 h - 2 scrolls of magic mapping
 m - a scroll of silence {unknown}
 n - 2 scrolls of enchant weapon {unknown}
 o - a scroll of blinking {unknown}
 w - 4 scrolls of recharging {unknown}
 y - 3 scrolls of amnesia {unknown}
 J - a scroll of brand weapon {unknown}
 P - a scroll of noise {unknown}
Potions
 j - 4 potions of heal wounds
 r - a potion of brilliance
 x - 2 potions of might {unknown}
 A - a potion of poison {unknown}
 H - 2 potions of degeneration {unknown}
 K - 2 potions of curing
 Q - a potion of haste
 X - a potion of lignification {unknown}
Books
 c - a book of Geomancy

   Spells                             Type                      Level
   a - Sandblast                      Earth                        1
   b - Stoneskin                      Transmutation/Earth          2
   c - Passwall                       Transmutation/Earth          3
   d - Stone Arrow                    Conjuration/Earth            3
   e - Petrify                        Transmutation/Earth          4
   f - Lee's Rapid Deconstruction     Earth                        5
Comestibles
 d - 7 bread rations
 l - 6 meat rations
 B - 19 fruits
 S - 3 beef jerkies


   Skills:
 + Level 5.9 Fighting
 + Level 4.0 Maces & Flails
 - Level 4.0 Dodging
 - Level 2.1 Stealth
 - Level 5.1 Shields
 * Level 9.3 Spellcasting
 + Level 6.3 Conjurations
 - Level 0.7 Transmutations
 + Level 2.2 Fire Magic
 + Level 8.9 Earth Magic
 + Level 4.5 Evocations


You had 14 spell levels left.
You knew the following spells:

 Your Spells              Type           Power        Failure   Level  Hunger
a - Sandblast             Erth           #####.       1%          1    None
b - Conjure Flame         Conj/Fire      ####....     1%          3    None
c - Stone Arrow           Conj/Erth      #####.       1%          3    None
d - Stoneskin             Trmt/Erth      ####....     1%          2    None
e - Lee's Rapid Deconstr  Erth           #####.....   1%          5    #####..


Dungeon Overview and Level Annotations

Branches:
Dungeon (9/15)             Temple (1/1) D:5            Lair (1/8) D:9
    Orc: D:9-12

Altars:
Ashenzari
Cheibriados
Dithmenos
Elyvilon
Fedhas
Gozag
Kikubaaqudgha
Makhleb
Nemelex Xobeh
Okawaru
Qazlal
Ru
Sif Muna
Trog
Vehumet
Xom
Yredelemnul
Zin
The Shining One

Shops:
D:8 (

Annotations:
D:3 Pikel
D:4 Blork the orc
D:5 eruonna's ghost, novice TrMo
D:8 Grum
D:9 Erica


Innate Abilities, Weirdness & Mutations

You are resistant to torment.
Your stone body is resilient (AC +7).
You are immune to poison.
You resist negative energy.
You are resistant to electric shocks.
You can survive without breathing.
You are immune to petrification.
You are immune to rotting.


Message History

Aim: a seven-headed hydra (chance to defeat MR: 46%)
The seven-headed hydra is blasted.
Evoking this partially-identified wand wasted a few charges.
You block the seven-headed hydra's attack.
The seven-headed hydra bites you.
* * * LOW HITPOINT WARNING * * *
The seven-headed hydra misses you.
The seven-headed hydra bites you but does no damage. x2
The seven-headed hydra bites you!
* * * LOW HITPOINT WARNING * * *
The seven-headed hydra bites you but does no damage.
You block the seven-headed hydra's attack.
The seven-headed hydra bites you but does no damage.
The seven-headed hydra closely misses you.
The seven-headed hydra bites you.
* * * LOW HITPOINT WARNING * * *
The seven-headed hydra closely misses you.
The seven-headed hydra barely misses you.
The seven-headed hydra bites you!
You die...

#..P#.####.#####..######.###.
##................. ....
#.###.....### ##..# ..#
#...#.....### .#.# .#
##.................. ..
#........###.##.##.# ..
##................. ..
#......#####.##.#.. .#
#......%...@....... ..
#.####.....D#.#.... ..
#.................. ..
##.......##.l####.#.. ..
#P........##.##.###.# ..
##...............[... ..
...#..###........... ..
#................... ..
#.###...........###. ..


You could see a seven-headed hydra and a komodo dragon.

Vanquished Creatures
  Erolcha (D:8)
  2 spiny frogs (Lair:1)
  Psyche (D:9)
  A komodo dragon (Lair:1)
  5 slime creatures (D:9)
  Sigmund (D:5)
  A deep elf mage (D:9)
  10 yaks
  A wolf (D:7)
  A sky beast (D:5)
  4 slaves (D:5)
  3 water moccasins
  3 ice beasts
  2 black bears
  3 phantoms
  4 centaurs
  4 ogres
  2 crocodiles (Lair:1)
  A big kobold (D:8)
  8 giant frogs
  A wyvern zombie (D:9)
  4 scorpions
  7 wights
  6 hounds
  5 orc wizards
  A giant frog zombie (D:6)
  4 orc priests
  Crazy Yiuf (D:2)
  A gnoll shaman (D:3)
  Natasha (thrice) (D:4)
  3 iguanas
  6 worker ants
  A hound skeleton (D:6)
  2 worker ant zombies
  Robin (D:1)
  13 adders
  9 gnolls
  2 shadow imps
  An adder zombie (D:7)
  3 oozes
  2 worms (D:2)
  4 giant geckos
  16 orcs
  4 bats
  8 giant cockroaches
  12 goblins
  12 hobgoblins
  7 jackals
  6 quokkas
  3 ball pythons
  A ball python skeleton (D:4)
  2 giant newts
  12 kobolds
  7 rats
228 creatures vanquished.

Notes
Turn   | Place    | Note
--------------------------------------------------------------
     0 | D:1      | rutigerpupkin the Gargoyle Earth Elementalist began the quest for the Orb.
     0 | D:1      | Reached XP level 1. HP: 10/10 MP: 3/3
   312 | D:1      | Reached XP level 2. HP: 15/15 MP: 2/5
  1200 | D:2      | Learned a level 2 spell: Stoneskin
  1235 | D:2      | Noticed Robin
  1236 | D:2      | Reached XP level 3. HP: 16/19 MP: 7/7
  1301 | D:1      | Killed Robin
  1301 | D:1      | Reached skill level 4 in Earth Magic
  1637 | D:2      | Reached XP level 4. HP: 18/24 MP: 5/9
  1686 | D:2      | Found a shimmering altar of Xom.
  1689 | D:2      | Found a shimmering altar of Xom.
  2046 | D:2      | Found a stormy altar of Qazlal.
  2132 | D:2      | Noticed Crazy Yiuf
  2155 | D:2      | Killed Crazy Yiuf
  2483 | D:3      | Noticed a giant frog
  2519 | D:3      | Killed a giant frog
  2519 | D:3      | Reached skill level 5 in Earth Magic
  2519 | D:3      | Reached XP level 5. HP: 8/28 MP: 0/11
  2804 | D:3      | Learned a level 3 spell: Stone Arrow
  3071 | D:3      | Reached XP level 6. HP: 32/32 MP: 6/13
  3447 | D:3      | Found a sparkling altar of Nemelex Xobeh.
  3447 | D:3      | Found a snail-covered altar of Cheibriados.
  3450 | D:3      | Reached skill level 1 in Conjurations
  3567 | D:4      | Noticed Natasha
  3598 | D:4      | Killed Natasha
  3610 | D:4      | Noticed Natasha
  3624 | D:4      | Killed Natasha
  3624 | D:4      | Reached skill level 5 in Spellcasting
  4183 | D:4      | Reached XP level 7. HP: 31/36 MP: 0/15
  4315 | D:4      | Noticed Blork the orc
  4728 | D:4      | Noticed Natasha
  5069 | D:4      | Killed Natasha
  5375 | D:4      | Reached skill level 6 in Spellcasting
  5843 | D:5      | Entered Level 5 of the Dungeon
  5999 | D:5      | Noticed eruonna's ghost (novice TrMo)
  6078 | D:5      | Noticed Sigmund
  6136 | D:5      | Killed Sigmund
  6136 | D:5      | Reached skill level 1 in Fighting
  6136 | D:5      | Reached skill level 1 in Evocations
  6136 | D:5      | Reached XP level 8. HP: 29/43 MP: 0/17
  6417 | D:5      | Noticed Pikel
  7012 | D:4      | Learned a level 5 spell: Lee's Rapid Deconstruction
  7550 | D:5      | Reached skill level 1 in Shields
  7722 | D:5      | Found a staircase to the Ecumenical Temple.
  7731 | Temple   | Entered the Ecumenical Temple
  7748 | Temple   | Became a worshipper of Vehumet
  8066 | D:6      | Found a white marble altar of Elyvilon.
  8174 | D:6      | Reached skill level 7 in Spellcasting
  8541 | D:6      | Reached XP level 9. HP: 47/49 MP: 14/19
  9643 | D:7      | Found a shattered altar of Ashenzari.
  9677 | D:7      | Reached * piety under Vehumet
  9677 | D:7      | Offered knowledge of Shock by Vehumet.
 10507 | D:8      | Found Nurhazug's Weapon Emporium.
 10619 | D:8      | Reached skill level 1 in Maces & Flails
 10745 | D:8      | Found a blossoming altar of Fedhas.
 10889 | D:8      | Found a glowing golden altar of the Shining One.
 10904 | D:8      | Offered knowledge of Throw Flame by Vehumet.
 10919 | D:8      | Noticed Erolcha
 11007 | D:8      | Killed Erolcha
 11007 | D:8      | Reached ** piety under Vehumet
 11007 | D:8      | Reached skill level 8 in Spellcasting
 11007 | D:8      | Reached skill level 5 in Conjurations
 11007 | D:8      | Reached XP level 10. HP: 54/56 MP: 3/22
 11260 | D:8      | Noticed Grum
 12029 | D:8      | Offered knowledge of Conjure Flame by Vehumet.
 12041 | D:8      | Learned a level 3 spell: Conjure Flame
 12369 | D:8      | Reached skill level 5 in Fighting
 12606 | D:9      | Noticed Erica
 12610 | D:9      | Reached *** piety under Vehumet
 12610 | D:9      | Reached skill level 1 in Fire Magic
 12786 | D:9      | Noticed Psyche
 13057 | D:9      | Reached XP level 11. HP: 59/64 MP: 16/23
 13066 | D:9      | Reached skill level 9 in Spellcasting
 13081 | D:9      | Reached skill level 5 in Shields
 13714 | D:9      | Killed Psyche
 13775 | D:9      | Found a staircase to the Lair.
 13783 | Lair:1   | Entered Level 1 of the Lair of Beasts
 14130 | Lair:1   | Noticed a seven-headed hydra
 14166 | Lair:1   | Slain by a seven-headed hydra

Action                   |  1- 3 |  4- 6 |  7- 9 | 10-12 || total
-------------------------+-------+-------+-------+-------++-------
Melee: Dagger            |   111 |   210 |   300 |       ||   621
       Whip              |     4 |       |       |       ||     4
       Spear             |       |       |     7 |    58 ||    65
       Morningstar       |       |       |    24 |       ||    24
       Flail             |       |       |       |    63 ||    63
 Cast: Sandblast         |    36 |   136 |   152 |    38 ||   362
       Stoneskin         |       |     2 |     2 |     1 ||     5
       Stone Arrow       |       |    10 |   150 |    80 ||   240
       Lee's Rapid Decon |       |       |     1 |     7 ||     8
       Conjure Flame     |       |       |       |    12 ||    12
Evoke: Wand              |       |       |     6 |     2 ||     8
  Use: Scroll            |       |       |     4 |     5 ||     9
       Potion            |       |       |       |     1 ||     1
 Stab: Distracted        |     1 |       |       |       ||     1
       Sleeping          |     1 |     2 |       |       ||     3
  Eat: Chunk             |     3 |     8 |    18 |    11 ||    40
       Royal jelly       |       |       |     1 |       ||     1
       Meat ration       |       |       |     1 |       ||     1
       Fruit             |       |       |     1 |     1 ||     2
